 Dungeon Crawl Stone Soup version 0.24.0-41-g2ae2f7f1be (webtiles) character file.

Game seed: 10741355055288007043, levelgen mode: deterministic

67 Gwanngwann the Grave Robber (level 4, -2/33 HPs)
             Began as a Ghoul Necromancer on Dec 13, 2019.
             Slain by Crazy Yiuf
             ... wielding a +3 quarterstaff of chaos
              (9 damage)
             ... on level 2 of the Dungeon.
             The game lasted 00:11:57 (1417 turns).

Gwanngwann the Grave Robber (Ghoul Necromancer)     Turns: 1417, Time: 00:11:57

Health: -2/33      AC:  5    Str: 11    XL:     4   Next: 16%
Magic:  1/6        EV: 11    Int: 10    God:
Gold:   70         SH:  0    Dex: 10    Spells: 6/7 levels left

rFire    . . .     SeeInvis .   j - +3 dagger (speed)
rCold    + . .     Gourm    .   (no shield)
rNeg     + + +     Faith    .   h - +0 leather armour
rPois    ∞         Spirit   .   b - +2 hat
rElec    .         Reflect  .   (no cloak)
rCorr    .         Harm     .   (no gloves)
MR       .....                  (no boots)
Stlth    ++........             (no amulet)
HPRegen  0.00/turn              (no ring)
MPRegen  0.10/turn              (no ring)

@: rotting
A: rotting body, claws 1, carnivore, cold resistance 1, negative energy
resistance 3, inhibited regeneration, torment resistance, unbreathing
a: no special abilities


You were on level 2 of the Dungeon.
You were not hungry.

You visited 1 branch of the dungeon, and saw 2 of its levels.

You collected 70 gold pieces.

Inventory:

Hand Weapons
 f - a +0 short sword
 j - a +3 dagger of speed (weapon)
 q - a +0 dagger of holy wrath
Missiles
 i - 39 bolts
 l - 11 poisoned darts (quivered)
Armour
 a - a +0 robe
 b - a +2 hat (worn)
 h - a +0 leather armour (worn)
 k - a +0 leather armour
Scrolls
 d - a scroll of teleportation
Potions
 e - a potion of heal wounds
 g - 2 potions of flight {unknown}
Comestibles
 c - 5 rations
 m - a chunk of flesh


   Skills:
 + Level 0.1 Fighting
 + Level 0.8 Armour
 + Level 1.8 Dodging
 + Level 2.3 Stealth
 + Level 0.2 Unarmed Combat
 + Level 2.4 Spellcasting
 + Level 4.8 Necromancy


You had 6 spell levels left.
You knew the following spells:

 Your Spells              Type           Power        Failure   Level  Hunger
a - Pain                  Necr           ##..         5%          1    ##.....

Your spell library contained the following spells:

 Spells                   Type           Power        Failure   Level  Hunger
 Animate Skeleton         Necr           N/A          5%          1    ##.....
 Vampiric Draining        Necr           ##........   16%         3    ####...
 Regeneration             Chrm/Necr      #.........   41%         3    ####...
 Animate Dead             Necr           N/A          47%         4    #####..


Dungeon Overview and Level Annotations

Branches:
Dungeon (2/15)

Altars:

Annotations:
D:2 Crazy Yiuf


Innate Abilities, Weirdness & Mutations

Your body is rotting away.
You thrive on raw meat.
You are immune to poison.
You have sharp fingernails.
You are carnivorous and can eat meat at any time.
Your flesh is cold resistant. (rC+)
You are immune to negative energy. (rN+++)
You do not regenerate when monsters are visible.
You are immune to unholy pain and torment.
You can survive without breathing.


Message History

Aim: Crazy Yiuf, wielding a +3 quarterstaff of chaos and wearing a +0 cloak (moderately wounded, poisoned, chance to defeat MR: 71%) Crazy Yiuf writhes in agony.
Crazy Yiuf closely misses you.
Casting: Pain (safe; 5% risk of failure)
Confirm with . or Enter, or press ? or * to list all spells.
Aiming: Pain (safe; 5% risk of failure)
Press: ? - help, Shift-Dir - straight line, f/p - Crazy Yiuf
Aim: Crazy Yiuf, wielding a +3 quarterstaff of chaos and wearing a +0 cloak (heavily wounded, poisoned, chance to defeat MR: 71%) Crazy Yiuf writhes in agony.
Crazy Yiuf hits you with a +3 quarterstaff of chaos.
Casting: Pain (safe; 5% risk of failure)
Confirm with . or Enter, or press ? or * to list all spells.
Aiming: Pain (safe; 5% risk of failure)
Press: ? - help, Shift-Dir - straight line, f/p - Crazy Yiuf
Aim: Crazy Yiuf, wielding a +3 quarterstaff of chaos and wearing a +0 cloak (heavily wounded, poisoned, chance to defeat MR: 71%) Crazy Yiuf struggles to resist.
Crazy Yiuf yells, "Two!
Snower meccalolo tired."
Crazy Yiuf hits you with a +3 quarterstaff of chaos!
* * * LOW HITPOINT WARNING * * *
You convulse!
You die...

.........#
#........#
.......(.#
#........#
##########
#........#
#####....# #..###
##.# ### ♣♣###.#
#)..#♣♣ ♣♣P+...#
#...g@♣♣♣♣P.....#
#...#♣..♣..P...##
### ♣♣♣.♣.P+.##
♣♣♣♣♣###


You could see Crazy Yiuf.

Vanquished Creatures
  3 adders (D:2)
  An ooze (D:1)
  A worm (D:2)
  A dart slug (D:1)
  4 bats
  A giant cockroach (D:1)
  6 goblins
  4 hobgoblins
  A quokka (D:2)
  5 frilled lizards
  2 kobolds
  3 rats
32 creatures vanquished.

Notes
Turn   | Place    | Note
-------+----------+-------------------------------------------
     0 | D:1      | Gwanngwann the Ghoul Necromancer began the quest for the
                  | Orb.
     0 | D:1      | Reached XP level 1. HP: 14/14 MP: 2/2
   180 | D:1      | Reached XP level 2. HP: 9/20 MP: 1/3
   599 | D:1      | Reached XP level 3. HP: 26/26 MP: 0/5
  1267 | D:2      | Reached XP level 4. HP: 28/32 MP: 6/6
  1403 | D:2      | Found a runed translucent door.
  1404 | D:2      | Noticed Crazy Yiuf
  1417 | D:2      | Slain by Crazy Yiuf

Levels and vault maps discovered:
D:1:      psy_arrival_radial02, layout_loops_ring
D:2:      layout_basic, uniq_crazy_yiuf_cottage

Skill      XL: |  1  2 |
---------------+-------+-----
Spellcasting   | 2 |  2.4
Fighting       | |  0.1
Armour         | |  0.8
Dodging        | |  1.8
Stealth        | |  2.3
Unarmed Combat | |  0.2
Necromancy     | |  4.8

Action                   |  1- 3 |  4- 6 || total
-------------------------+-------+-------++-------
Melee: Short sword       |    38 |       ||    38
       Unarmed           |     8 |       ||     8
       Dagger            |    13 |       ||    13
Throw: Dart              |       |     3 ||     3
 Cast: Pain              |    42 |     9 ||    51
  Use: Scroll            |       |     5 ||     5
  Eat: Chunk             |     9 |     2 ||    11
Armor: Robe              |     4 |       ||     4
       Leather armour    |     6 |       ||     6
Dodge: Dodged            |    40 |     3 ||    43
